 Dungeon Crawl Stone Soup version 0.23-a0-183-gf37f6fb (webtiles) character file.

8283 4thArraOfDagon the Carver (level 11, -3/81 HPs)
             Began as a Mummy Warper on Sept 21, 2018.
             Was a High Priest of Dithmenos.
             Slain by a vampire mosquito (10 damage)
             ... on level 12 of the Dungeon.
             The game lasted 00:24:56 (9051 turns).

4thArraOfDagon the Carver (Mummy Warper)            Turns: 9051, Time: 00:24:57

Health: -3/81      AC: 14    Str: 18    XL:     11   Next: 7%
Magic:  15/15      EV: 13    Int: 16    God:    Dithmenos [*****.]
Gold:   1074       SH:  0    Dex: 11    Spells: 13/15 levels left

rFire    x . .     SeeInvis .   E - +2 falchion (vamp)
rCold    + . .     Gourm    .   (no shield)
rNeg     + + +     Faith    .   r - +4 ring mail of Thoughtfulness {Regen+}
rPois    ∞         Spirit   .   A - +1 helmet
rElec    .         Reflect  .   m - +0 cloak
rCorr    .         Harm     .   (no gloves)
MR       +....                  D - +0 pair of boots
Stlth    +.........             (no amulet)
HPRegen  0.63/turn              f - +3 ring of strength
MPRegen  0.14/turn              n - +2 ring of slaying

@: wreathed by umbra
A: no food or potions, fire vulnerability, cold resistance 1, negative energy
resistance 3, torment resistance, unbreathing
a: Shadow Step, Shadow Form, Renounce Religion


You were on level 12 of the Dungeon.
You worshipped Dithmenos.
Dithmenos was extremely pleased with you.
You were not hungry.

You visited 1 branch of the dungeon, and saw 12 of its levels.
You also visited: Ossuary.

You collected 1074 gold pieces.

Inventory:

Hand Weapons
 a - a +0 falchion
 i - a +2 rapier of flaming
 s - a +2 long sword
 E - a +2 vampiric falchion (weapon)
Missiles
 e - 4 tomahawks of dispersal (quivered)
 F - 5 poisoned tomahawks
Armour
 b - a +0 leather armour
 c - a +2 chain mail of poison resistance
 g - a +1 ring mail
 m - a +0 cloak (worn)
 r - the +4 ring mail of Thoughtfulness (worn) {Regen+}
   (You found it on level 4 of the Dungeon)

   It increases your rate of regeneration.
 A - a +1 helmet (worn)
 B - a +0 troll leather armour
 D - a +0 pair of boots (worn)
Jewellery
 d - an uncursed ring of magical power
 f - a +3 ring of strength (left hand)
 l - an uncursed ring of wizardry
 n - a +2 ring of slaying (right hand)
 w - an uncursed ring of magical power
 C - an uncursed ring of protection from magic
 G - a +3 ring of intelligence
 H - an uncursed ring of resist corrosion
Wands
 v - a wand of flame (7)
 I - a wand of disintegration (1)
 K - a wand of paralysis (9)
 L - a wand of polymorph (9)
Scrolls
 h - 3 scrolls of enchant armour
 j - a scroll of magic mapping {unknown}
 k - a scroll of amnesia {unknown}
 o - 6 scrolls of remove curse
 p - a scroll of fog {unknown}
 q - 2 scrolls of identify
 t - 3 scrolls of random uselessness {unknown}
 u - a scroll of teleportation {unknown}
 x - 2 scrolls of immolation
 y - a scroll of enchant weapon {unknown}
 z - 2 scrolls of vulnerability
 J - a scroll of fear {unknown}


   Skills:
 - Level 6.1 Fighting
 * Level 9.7 Long Blades
 - Level 0.7 Throwing
 - Level 5.0 Armour
 - Level 5.2 Dodging
 - Level 2.6 Spellcasting
 - Level 2.4 Translocations
 + Level 6.2 Invocations
 + Level 2.6 Evocations


You had 13 spell levels left.
You knew the following spells:

 Your Spells              Type           Power        Failure   Level  Hunger
a - Blink                 Tloc           N/A          19%         2    N/A

Your spell library contained the following spells:

 Spells                   Type           Power        Failure   Level  Hunger
 Shroud of Golubria       Chrm/Tloc      #.........   30%         2    N/A
 Sting                    Conj/Pois      #...         32%         1    N/A
 Gell's Gravitas          Tloc           #.........   34%         3    N/A
 Lesser Beckoning         Tloc           #.........   34%         3    N/A
 Teleport Other           Tloc           #.......     34%         3    N/A
 Poisonous Vapours        Pois/Air       #.....       43%         2    N/A
 Mephitic Cloud           Conj/Pois/Air  #.......     67%         3    N/A
 Passage of Golubria      Tloc           N/A          75%         4    N/A
 Olgreb's Toxic Radiance  Pois           #.......     97%         4    N/A
 Alistair's Intoxication  Tmut/Pois      #.......     100%        5    N/A
 Venom Bolt               Conj/Pois      #.........   100%        5    N/A

Dungeon Overview and Level Annotations

Branches:
Dungeon (12/15)            Temple (0/1) D:6            Lair (0/6) D:8
    Orc (0/2) D:12

Altars:
Ashenzari
Dithmenos
Elyvilon
Gozag
Makhleb
Nemelex Xobeh
Okawaru
Trog
Uskayaw
Vehumet
Wu Jian
The Shining One

Shops:
D:9 !

Annotations:
D:9 Gastronok
D:10 3 runed doors, HydraWiggins's ghost, journeyman OgAE


Innate Abilities, Weirdness & Mutations

You do not eat or drink.
Your flesh is vulnerable to fire.
You are immune to poison.
Your flesh is cold resistant. (rC+)
You are immune to negative energy. (rN+++)
You are immune to unholy pain and torment.
You can survive without breathing.


Message History

Your shadow barely misses the vampire mosquito.
The vampire mosquito bites you but does no damage. x2
Unknown command.
You hit the vampire mosquito but do no damage.
The vampire mosquito is almost destroyed.
Your shadow closely misses the vampire mosquito.
The vampire mosquito closely misses you.
You closely miss the vampire mosquito.
The vampire mosquito is almost destroyed.
The vampire mosquito bites you!
* * * LOW HITPOINT WARNING * * *
The vampire mosquito bites you.
* * * LOW HITPOINT WARNING * * *
You hit the vampire mosquito.
The vampire mosquito is almost destroyed.
The vampire mosquito bites you but does no damage.
You closely miss the vampire mosquito.
The vampire mosquito is almost destroyed.
The vampire mosquito bites you!
You die...

#...###### #.# #.
.....## #.#......# #.#
#. #.#... #...####.# #.#
##.##.#..### ##.## #.#
#.# #..§§......## #.#
#.####.####..§.§§.....
#.# #.............§§...#
# #.#
#............§§..[.#.##.
#.#
#.####.#######.>........
#.# #.#
#..@y.†.......#.##. #.#
#.# ###########..#..#
#.# #.# #%..###.a.. #.#
#.# #.#.. .### #.# #.
....... # ##.# ### #####
#..# #.## #.#


You could see a vampire mosquito.

Vanquished Creatures
  A two-headed ogre (D:12)
  An ugly thing (D:12)
  A komodo dragon (D:10)
  4 trolls
  A hornet (D:12)
  Prince Ribbit (D:7)
  2 hippogriffs (D:12)
  A shadow (D:12)
  A hungry ghost (D:10)
  3 vampire mosquitoes (D:12)
  A soldier ant (D:12)
  2 orc warriors (D:8)
  2 sky beasts
  An ice beast (D:6)
  3 phantoms
  6 ogres
  8 centaurs
  An elf zombie (Ossuary)
  2 big kobolds (D:6)
  6 bullfrogs
  A wyvern skeleton (D:7)
  6 killer bees (D:9)
  11 wights
  4 howler monkeys
  5 crimson imps
  Crazy Yiuf (D:2)
  A centaur zombie (D:10)
  2 hounds
  3 orc priests
  2 orc wizards
  2 bullfrog skeletons
  2 centaur skeletons
  An iguana (D:6)
  5 worker ants
  4 big kobold zombies (Ossuary)
  2 mummies (Ossuary)
  A hound skeleton (D:10)
  9 gnolls (D:6)
  16 adders
  2 river rats (D:5)
  2 shadow imps
  3 oozes
  3 adder skeletons
  An adder zombie (D:9)
  4 worms
  3 dart slugs
  5 leopard geckos
  32 orcs
  5 ball pythons
  9 bats
  5 giant cockroaches
  4 gnoll zombies (Ossuary)
  26 goblins
  35 hobgoblins
  17 jackals
  13 kobolds
  4 frilled lizards
  2 goblin zombies (Ossuary)
  3 hobgoblin zombies (Ossuary)
  2 jackal zombies
  8 rats
314 creatures vanquished.

Vanquished Creatures (others)
  4 plants (D:10)
4 creatures vanquished.

Grand Total: 318 creatures vanquished

Notes
Turn   | Place    | Note
-------+----------+-------------------------------------------
     0 | D:1      | 4thArraOfDagon the Mummy Warper began the quest for the
                  | Orb.
     0 | D:1      | Reached XP level 1. HP: 16/16 MP: 4/4
    32 | D:1      | Reached skill level 2 in Long Blades
   339 | D:1      | Reached XP level 2. HP: 20/22 MP: 5/5
   364 | D:1      | Learned a level 2 spell: Blink
   745 | D:2      | Reached skill level 3 in Long Blades
   745 | D:2      | Reached XP level 3. HP: 25/27 MP: 7/7
   940 | D:5      | Entered Level 5 of the Dungeon
   964 | D:5      | Found a white marble altar of Elyvilon.
  1043 | D:4      | Found a sand-covered staircase.
  1135 | D:3      | Found a shadowy altar of Dithmenos.
  1143 | D:3      | Became a worshipper of Dithmenos the Shadowed
  1200 | Ossuary  | Entered an ossuary
  1217 | Ossuary  | Reached XP level 4. HP: 33/33 MP: 8/8
  1231 | Ossuary  | Reached skill level 4 in Long Blades
  1231 | Ossuary  | Reached XP level 5. HP: 30/38 MP: 9/9
  1273 | Ossuary  | HP: 1/38 [mummy (9)]
  1604 | Ossuary  | Reached skill level 1 in Armour
  1884 | D:2      | Reached * piety under Dithmenos
  2315 | D:2      | Reached XP level 6. HP: 44/44 MP: 10/10
  2326 | D:2      | Found a runed door.
  2330 | D:2      | Noticed Crazy Yiuf
  2336 | D:2      | Killed Crazy Yiuf
  2598 | D:2      | Reached skill level 5 in Long Blades
  2981 | D:3      | Reached ** piety under Dithmenos
  2993 | D:3      | Reached skill level 1 in Invocations
  3487 | D:4      | Found an ornate altar of the Wu Jian Council.
  3492 | D:4      | Got a twisted ring mail
  3503 | D:4      | Identified the +4 ring mail of Thoughtfulness {Regen+} (You
                  | found it on level 4 of the Dungeon)
  3523 | D:4      | Found an opulent altar of Gozag.
  3523 | D:4      | Found a hide-covered altar of Uskayaw.
  3524 | D:4      | Found a bloodstained altar of Trog.
  3805 | D:4      | Found a glowing golden altar of the Shining One.
  4078 | D:4      | Reached XP level 7. HP: 49/51 MP: 11/11
  4222 | D:5      | Found a sparkling altar of Nemelex Xobeh.
  4939 | D:6      | Reached *** piety under Dithmenos
  5074 | D:6      | Reached skill level 6 in Long Blades
  5074 | D:6      | Reached XP level 8. HP: 47/58 MP: 12/12
  5091 | D:6      | Found a burning altar of Makhleb.
  5091 | D:6      | Noticed a green death
  5195 | D:6      | Found a staircase to the Ecumenical Temple.
  5544 | D:6      | Reached **** piety under Dithmenos
  5662 | D:6      | manon: A newbie question, when do I change from hand axe of
                  | chaos to war axe (what skill level)? :-)
  5695 | D:6      | 4thArraOfDagon: hey
  5695 | D:6      | manon: Hi
  5695 | D:6      | manon: :-)
  5695 | D:6      | 4thArraOfDagon: you mean plain war axe?
  5695 | D:6      | manon: plais
  5695 | D:6      | manon: plain
  5695 | D:6      | manon: havent found any better (yet)
  5695 | D:6      | 4thArraOfDagon: I would stick with chaos as long as you
                  | won't get anything better
  5695 | D:6      | manon: *nod*
  5695 | D:6      | manon: thanks
  5695 | D:6      | 4thArraOfDagon: war axe +0 is not good enough :/
  5704 | D:6      | manon: happy hunting
  5715 | D:6      | 4thArraOfDagon: same to you !
  5715 | D:6      | 4thArraOfDagon: feel free to pass by ;)
  5775 | D:7      | Noticed a troll
  5787 | D:7      | Killed a troll
  5830 | D:7      | Found a radiant altar of Vehumet.
  5849 | D:7      | Found an iron altar of Okawaru.
  5960 | D:7      | Identified Lunkyiho's Papyrus of Poisoning
  5997 | D:7      | Noticed Prince Ribbit
  6008 | D:7      | Killed Prince Ribbit
  6008 | D:7      | Reached skill level 7 in Long Blades
  6008 | D:7      | Reached XP level 9. HP: 65/66 MP: 13/13
  6541 | D:8      | Reached skill level 5 in Fighting
  6586 | D:8      | Found a staircase to the Lair.
  6860 | D:9      | Found Ablural's Distillery.
  6912 | D:9      | Noticed a troll
  6925 | D:9      | Killed a troll
  7169 | D:9      | Found a shattered altar of Ashenzari.
  7241 | D:9      | Reached skill level 8 in Long Blades
  7502 | D:9      | Noticed Gastronok
  7529 | D:10     | Entered Level 10 of the Dungeon
  7565 | D:10     | Reached XP level 10. HP: 75/75 MP: 14/14
  7588 | D:10     | Reached ***** piety under Dithmenos
  7854 | D:10     | Found a runed gate.
  7854 | D:10     | Found a runed gate.
  7866 | D:10     | Found a runed gate.
  7867 | D:10     | Noticed a ten-headed hydra
  7868 | D:10     | Noticed HydraWiggins's ghost (journeyman OgAE)
  7870 | D:10     | Noticed a 12-headed hydra
  7893 | D:10     | Reached skill level 5 in Dodging
  7900 | D:10     | Reached skill level 5 in Invocations
  8079 | D:11     | Noticed a red ugly thing
  8362 | D:10     | Reached skill level 5 in Armour
  8378 | D:11     | Noticed a brown ugly thing
  8677 | D:12     | Reached skill level 9 in Long Blades
  8696 | D:12     | Reached skill level 1 in Evocations
  8703 | D:12     | Noticed a two-headed ogre
  8713 | D:12     | Killed a two-headed ogre
  8762 | D:12     | Noticed a purple ugly thing
  8788 | D:12     | Killed a purple ugly thing
  8796 | D:12     | Noticed a cyclops
  8918 | D:12     | Found a staircase to the Orcish Mines.
  8981 | D:12     | Reached XP level 11. HP: 74/81 MP: 15/15
  9051 | D:12     | Slain by a vampire mosquito

Vault maps used:
D:1:      eino_arrival_druids_welcome
D:2:      first_ration, uniq_crazy_yiuf_cottage
D:3:      nicolae_dithmenos_through_a_glass_darkly
D:4:      kennysheep_mini_moat, tso_altar, gammafunk_temple_overflow_forgotten,
          nicolae_ossuary_entry_false_entrances, serial_co_window_serial,
          co_window_paths_a, co_window_of_opportunity_a, co_window_paths_a,
          co_window_paths_a, co_window_paths_b, co_window_unsneaky_path_b,
          co_window_broadway_b, co_window_paths_c, co_window_corner_b,
          co_window_of_opportunity_b, co_window_unsneaky_path_e,
          glass_columns_a, glass_columns_b, glass_columns_c, glass_columns_a,
          glass_columns_b, minmay_misc_feat_enclosed
D:5:      lemuel_coloured_pillars_altar, kennysheep_mini,
          lightli_sewer_entry_pipes
D:6:      minmay_goblin_kobold_castle, minmay_temple_entry_hall,
          makhleb_altar_promises_db
D:7:      nicolae_whirlpool, old_standard_altar, okawaru_gym_becter,
          uniq_prince_ribbit1
D:8:      lair_entry_dummy
D:9:      ashenzari_conservatory_becter, nicolae_ru_path_of_blood,
          lemuel_crystal_altar, serial_shops, shop, uniq_gastronok
D:10:     gammafunk_ghost_hydra_chop
D:11:     hangedman_little_slice_of_home
D:12:     orc_0_dummy
Ossuary:  minmay_ossuary_gauntlet

Skill      XL: |  1  2  3  4  5  6  7  8  9 10 |
---------------+-------------------------------+-----
Long Blades    | 2 3 4 5 6 7 8 9 |  9.7
Armour         | 1 2 3 4 5 |  5.0
Dodging        | 2 3 4 5 |  5.2
Invocations    | 1 2 3 4 6 |  6.2
Fighting       | 3 4 5 6 |  6.1
Evocations     | 2 |  2.6
Throwing       | |  0.7
Spellcasting   | |  2.6
Translocations | |  2.4

Action                   |  1- 3 |  4- 6 |  7- 9 | 10-12 || total
-------------------------+-------+-------+-------+-------++-------
Melee: Falchion          |    93 |       |   210 |   367 ||   670
       Rapier            |    38 |   255 |   321 |       ||   614
Throw: Tomahawk          |       |     1 |       |       ||     1
Invok: Shadow Step       |       |       |     1 |       ||     1
Evoke: Wand              |       |       |    30 |    14 ||    44
  Use: Scroll            |     2 |       |     3 |     2 ||     7
 Stab: Paralysed         |       |       |       |     5 ||     5
Armor: Leather armour    |     6 |       |       |       ||     6
       Ring mail         |    53 |    13 |   233 |   130 ||   429
       Chain mail        |    18 |   120 |       |       ||   138
Dodge: Dodged            |    82 |    89 |   461 |   261 ||   893
       Rpst.: Falchion   |    26 |       |    58 |    84 ||   168

Table legend:
 A = Non-vault XP
 B = Vault XP
 C = Vault XP percentage of total XP
 D = Non-vault monster count
 E = Vault monster count
 F = Vault count percentage of total count
                 A         B        C        D         E       F
            +---------+---------+-------+---------+---------+-------
      Total |   10728 |    1105 |   9.3 |     229 |      85 |  27.1
            +---------+---------+-------+---------+---------+-------
        D:1 |      45 |       0 |   0.0 |      24 |       0 |   0.0
        D:2 |      97 |      44 |  31.2 |      26 |       1 |   3.7
        D:3 |      81 |       0 |   0.0 |      30 |       0 |   0.0
        D:4 |     277 |       0 |   0.0 |      14 |       0 |   0.0
        D:5 |      65 |      66 |  50.4 |       8 |       9 |  52.9
        D:6 |     856 |     363 |  29.8 |      19 |      57 |  75.0
        D:7 |     546 |     373 |  40.6 |      10 |       2 |  16.7
        D:8 |    1019 |       0 |   0.0 |      25 |       0 |   0.0
        D:9 |    1182 |       0 |   0.0 |      16 |       0 |   0.0
       D:10 |    2582 |       0 |   0.0 |      35 |       0 |   0.0
       D:11 |     202 |       0 |   0.0 |       4 |       0 |   0.0
       D:12 |    3776 |       0 |   0.0 |      18 |       0 |   0.0
    Ossuary |       0 |     259 | 100.0 |       0 |      16 | 100.0
            +---------+---------+-------+---------+---------+-------
